[Event "Late-Titled-Tuesday-Blitz-September-12-2023"]
[Site "Chess.com"]
[Date "2023.09.12"]
[Round "4"]
[White "Marielchessy"]
[Black "KIEV-1"]
[Result "1-0"]
[WhiteElo "2306"]
[BlackElo "2179"]
[TimeControl "180+1"]
[EndTime "14:35:20 PDT"]
[Termination "Marielchessy won by resignation"]

1. e4 c5 2. Nf3 d6 3. d4 cxd4 4. Nxd4 Nf6 5. Nc3 a6 6. Be2 e6 7. Be3 Be7 8. f4 O-O 9. O-O Qc7 10. a4 b6 11. Bd3 Bb7 12. Qf3 Nfd7 13. Qh3 g6 14. f5 exf5 15. exf5 Bf6 16. fxg6 hxg6 17. Bxg6 fxg6 18. Ne6 Qc8 19. Nxf8 Qxf8 20. Bh6 Qd8 21. Rae1 Nc5 22. Rxf6 Qxf6 23. Re8+ Kf7 24. Rf8+ Ke7 25. Rxf6 Kxf6 26. Bf8 Nbd7 27. Bxd6 Re8 28. Kf1 Re6 29.
Qh8+ Kf7 30. Qh7+ Kf6 31. Bxc5 Nxc5 32. b4 1-0

[Event "Late-Titled-Tuesday-Blitz-September-12-2023"]
[Site "Chess.com"]
[Date "2023.09.12"]
[Round "4"]
[White "Qvalda"]
[Black "DvaHrasta"]
[Result "1-0"]
[WhiteElo "2349"]
[BlackElo "2469"]
[TimeControl "180+1"]
[EndTime "14:35:22 PDT"]
[Termination "Qvalda won on time"]

1. Nf3 Nf6 2. b3 d5 3. Bb2 c5 4. e3 Nc6 5. Bb5 Bd7 6. Bxc6 Bxc6 7. Ne5 Qc7 8. f4 e6 9. d3 Bd6 10. Nd2 b5 11. O-O a5 12. Nxc6 Qxc6 13. Nf3 a4 14. Bxf6 gxf6 15. c4 Ke7 16. Qe2 Ra6 17. e4 dxe4 18. dxe4 bxc4 19. e5 Bc7 20. exf6+ Ke8 21. bxc4 Bxf4 22. Rab1 Ra8 23. Ne5 Bxe5 24. Qxe5 Rg8 25.
Rb8+ 1-0

[Event "Late-Titled-Tuesday-Blitz-September-12-2023"]
[Site "Chess.com"]
[Date "2023.09.12"]
[Round "4"]
[White "guillembaches"]
[Black "xozr"]
[Result "0-1"]
[WhiteElo "2510"]
[BlackElo "2375"]
[TimeControl "180+1"]
[EndTime "14:35:27 PDT"]
[Termination "xozr won on time"]

1. e4 c5 2. Nf3 d6 3. d4 cxd4 4. Nxd4 Nf6 5. Nc3 a6 6. Be3 e5 7. Nb3 Be6 8. f3 h5 9. Nd5 Bxd5 10. exd5 Nbd7 11. Qd2 g6 12. O-O-O Bg7 13. Kb1 O-O 14.
Be2 e4 15. f4 Rc8 16. f5 Nb6 17.
fxg6 fxg6 18. Qa5 Nc4 19. Bxc4 Rxc4 20. Qd2 Ng4 21. Bg5 Qc8 22. h3 Rf2 23. hxg4 Rxc2 24. Qxf2 Rxf2 25. Bc1 Qc2+ 0-1

[Event "Late-Titled-Tuesday-Blitz-September-12-2023"]
[Site "Chess.com"]
[Date "2023.09.12"]
[Round "4"]
[White "Schattman"]
[Black "RaphaeI"]
[Result "1-0"]
[WhiteElo "2490"]
[BlackElo "2624"]
[TimeControl "180+1"]
[EndTime "14:35:29 PDT"]
[Termination "Schattman won on time"]

1. d4 d5 2. Nf3 Nf6 3. Bf4 e6 4. e3 Bd6 5. Ne5 O-O 6. Nd2 c5 7. c3 Qc7 8. Bd3 Nc6 9. Ndf3 cxd4 10. exd4 Ng4 11. Bxh7+ Kxh7 12. Ng5+ Kg8 13. Qxg4 f6 14. Nxe6 Qe7 15. Nxc6 bxc6 16. Bxd6 Bxe6 17. Bxe7 Bxg4 18. Bxf8 Kxf8 19. f3 Bf5 20. Kd2 Rb8 21. b3 a5 22.
Rae1 Kf7 23. g4 1-0

[Event "Late-Titled-Tuesday-Blitz-September-12-2023"]
[Site "Chess.com"]
[Date "2023.09.12"]
[Round "4"]
[White "GarayevKanan"]
[Black "Jahonas"]
[Result "1-0"]
[WhiteElo "2718"]
[BlackElo "2445"]
[TimeControl "180+1"]
[EndTime "14:35:31 PDT"]
[Termination "GarayevKanan won by resignation"]

1. Nf3 Nf6 2. g3 d5 3. Bg2 c6 4.
c4 e6 5. O-O Be7 6. d4 O-O 7.
Nc3 b6 8. Nd2 Bb7 9. e4 dxc4 10.
Nxc4 Na6 11. e5 Nd5 12. Ne4 c5 13. Ncd6 Bc6 14. Qe2 f5 15. exf6 Bxd6 16. fxg7 Rf7 17. Qxa6 Nb4 18. Qe2 cxd4 19. Ng5 Bxg2 20. Nxf7 Bxf1 21.
Qxe6 Qe7 22. Nh6+ Kxg7 23. Nf5+ Kf8 24. Bh6+ Ke8 25. Nxe7 Bxe7 26. Re1 1-0

[Event "Late-Titled-Tuesday-Blitz-September-12-2023"]
[Site "Chess.com"]
[Date "2023.09.12"]
[Round "4"]
[White "ashookk"]
[Black "Mackster23"]
[Result "0-1"]
[WhiteElo "2357"]
[BlackElo "2547"]
[TimeControl "180+1"]
[EndTime "14:35:32 PDT"]
[Termination "Mackster23 won by resignation"]

1. Nf3 Nf6 2. c4 g6 3. Nc3 Bg7 4. e4 d6 5. d4 O-O 6. Be2 e5 7. O-O Nc6 8. d5 Ne7 9. Nd2 Ne8 10. b4 f5 11. c5 Nf6 12. f3 f4 13. Nc4 Ne8 14. a4 Rf6 15. Ba3 g5 16. a5 Rh6 17. b5 Ng6 18. b6 axb6 19. axb6 g4 20.
fxg4 f3 21. Bxf3 Qh4 22. h3 Nf4 23. Ne3 Qg3 24. g5 Nxh3+ 0-1

[Event "Late-Titled-Tuesday-Blitz-September-12-2023"]
[Site "Chess.com"]
[Date "2023.09.12"]
[Round "4"]
[White "checkmatequen"]
[Black "only_strong_moves"]
[Result "0-1"]
[WhiteElo "2344"]
[BlackElo "2498"]
[TimeControl "180+1"]
[EndTime "14:35:39 PDT"]
[Termination "only_strong_moves won by resignation"]

1. Nf3 Nf6 2. b3 e6 3. Bb2 d5 4.
d4 Be7 5. e3 O-O 6. Bd3 c5 7. O-O Qc7 8. Nbd2 b6 9. Qe2 Nc6 10. Ne5 Nb4 11. f4 Nxd3 12. Qxd3 Bb7 13. g4 Ne4 14. c3 a5 15. Nxe4 dxe4 16. Qe2 Ba6 17. c4 f6 18. Qg2 fxe5 19. Qxe4 Bb7 20. d5 exd5 21. cxd5 exf4 22. exf4 Bf6 23. Bxf6 Rxf6 24. Rad1 Raf8 25. f5 Rd8 26. g5 Rfd6 27. f6 gxf6 28. g6 hxg6 29. Kf2 f5 30. Qf4 Qg7 31. Rg1 Rxd5 32. Rde1 Rd2+ 33. Re2 Rxe2+ 34. Kxe2 Qb2+ 35. Ke1 Re8+ 0-1

[Event "Late-Titled-Tuesday-Blitz-September-12-2023"]
[Site "Chess.com"]
[Date "2023.09.12"]
[Round "4"]
[White "ilya2700"]
[Black "bazar-wokzal"]
[Result "0-1"]
[WhiteElo "2289"]
[BlackElo "2575"]
[TimeControl "180+1"]
[EndTime "14:35:47 PDT"]
[Termination "bazar-wokzal won by resignation"]

1. c4 e5 2. Nc3 Nf6 3. Nf3 c6 4. Nxe5 d5 5. cxd5 cxd5 6. d4 Nc6 7. Nxc6 bxc6 8. Bg5 h6 9. Bxf6 Qxf6 10. e3 Rb8 11.
Qd2 Bd6 12. Bd3 O-O 13. O-O Re8 14. Rac1 Qh4 15. g3 Qh3 16. Na4 Bg4 17. Be2 Bd7 18. Nc5 Bc8 19. b3 h5 20. Bf3 h4 21. Bg2 Qf5 22.
Qd3 Qh5 23. e4 Bg4 24. Rfe1 hxg3 25. hxg3 dxe4 26. Nxe4 Bb4 27. Re3 Qh6 28. Qc4 Bd2 29. Qxc6 Bxe3 30. fxe3 Qxe3+ 31. Kh2 Re6 0-1

[Event "Late-Titled-Tuesday-Blitz-September-12-2023"]
[Site "Chess.com"]
[Date "2023.09.12"]
[Round "4"]
[White "FeketeBarika"]
[Black "ChEsper99"]
[Result "1-0"]
[WhiteElo "2376"]
[BlackElo "2222"]
[TimeControl "180+1"]
[EndTime "14:35:49 PDT"]
[Termination "FeketeBarika won on time"]

1. c4 c5 2. Nc3 Nf6 3. Nf3 g6 4. g3 Bg7 5. Bg2 O-O 6. d4 d5 7. dxc5 Qa5 8. O-O Qxc5 9. cxd5 e6 10. Be3 Qb4 11. dxe6 Bxe6 12. Nd4 Nc6 13. a3 Qc4 14. Nxc6 bxc6 15. Rc1 Rfd8 16. Qc2 Rab8 17. b4 Ng4 18.
Bxa7 Ra8 19. Bb6 Rdc8 20. Nb1 Qxc2 21. Rxc2 Bb3 22. Rxc6 Rxc6 23. Bxc6 Ra6 24. Bf3 1-0

[Event "Late-Titled-Tuesday-Blitz-September-12-2023"]
[Site "Chess.com"]
[Date "2023.09.12"]
[Round "4"]
[White "Hikaru"]
[Black "adiosabu"]
[Result "1-0"]
[WhiteElo "3205"]
[BlackElo "2595"]
[TimeControl "180+1"]
[EndTime "14:35:50 PDT"]
[Termination "Hikaru won by resignation"]

1. Nf3 d5 2. b3 Bf5 3. Ba3 Nd7 4. d4 Ngf6 5. e3 g6 6. c4 c6 7. Nc3 Qa5 8. Bb2 Ne4 9. a3 Nxc3 10. Qd2 Nf6 11.
b4 Nce4 12. bxa5 Nxd2 13. Nxd2 Bg7 14. f3 g5 15. Rc1 Bg6 16. cxd5 Nxd5 17. e4 Nf4 18. Nb3 a6 19. Nc5 Rd8 20. g3 Ne6 21. Nxe6 fxe6 22. e5 Rf8 23. Ke2 Rd5 24. Rc5 h5 25.
Ke3 h4 26. Bc4 Kd7 27. Bxd5 exd5 28. g4 e6 29. Rcc1 Rf7 30. Bc3 Bf8 31. Bb4 Bxb4 32. axb4 Rf4 33. b5 axb5 34. a6 bxa6 35. Ra1 c5 36. Rxa6 Rxd4 37. Rha1 Rd3+ 38. Ke2 b4 39. Rd6+ Kc7 40. Rxe6 1-0

[Event "Late-Titled-Tuesday-Blitz-September-12-2023"]
[Site "Chess.com"]
[Date "2023.09.12"]
[Round "4"]
[White "ritanovikova"]
[Black "CURRUTACO59"]
[Result "1/2-1/2"]
[WhiteElo "2125"]
[BlackElo "2278"]
[TimeControl "180+1"]
[EndTime "14:35:50 PDT"]
[Termination "Game drawn by repetition"]

1. d4 Nf6 2. Bf4 e6 3. e3 d5 4. Nf3 Bd6 5. Ne5 O-O 6. Nd2 c5 7. c3 b6 8. Ndf3 Qc7 9. h3 Ba6 10. Bxa6 Nxa6 11. O-O Nb8 12. Nd3 Nc6 13. Bxd6 Qxd6 14. Nde5 c4 15. Nxc6 Qxc6 16. Ne5 Qc7 17.
f3 b5 18. Qc2 Qb7 19. Rfe1 b4 20. e4 a5 21. exd5 exd5 22. Ng4 Nxg4 23. hxg4 Rfe8 24.
Qf2 bxc3 25. bxc3 Rab8 26. Rxe8+ Rxe8 27. Re1 Rxe1+ 28. Qxe1 h6 29. Qe8+ Kh7 30. Qa4 Qb6 31.
Kh2 Qc7+ 32. Kh3 g6 33. Qb5 Qd8 34. a4 Kg7 35. Qc6 Qg5 36. Qc5 h5 37. Qxa5 hxg4+ 38. fxg4 Qe3+ 39. Kh2 Qf4+ 40. Kh3 Qh6+ 41. Kg3 Qe3+ 42.
Kh2 Qh6+ 43. Kg3 Qe3+ 44. Kh2 1/2-1/2

[Event "Late-Titled-Tuesday-Blitz-September-12-2023"]
[Site "Chess.com"]
[Date "2023.09.12"]
[Round "4"]
[White "trriinu"]
[Black "StarkyNZ"]
[Result "0-1"]
[WhiteElo "2202"]
[BlackElo "2330"]
[TimeControl "180+1"]
[EndTime "14:35:51 PDT"]
[Termination "StarkyNZ won on time"]

1. e4 c6 2. Nc3 d5 3. Nf3 dxe4 4. Nxe4 Nf6 5. Qe2 e6 6. d4 Nbd7 7. Ne5 Nxe4 8. Qxe4 Be7 9. Bd3 Nf6 10. Qf4 O-O 11. c3 c5 12. dxc5 Bxc5 13. Be3 Bd6 14. Bd4 Qc7 15.
O-O Nd7 16. Qh4 h6 17. Ng4 e5 18. Nxh6+ gxh6 19. Qg4+ Kh8 20. Qf5 Kg7 21. Be3 Nf6 22. Bxh6+ Kxh6 23. Qxf6+ Kh5 24. Be2+ Bg4 25. Qf5+ Kh6 26.
Bxg4 Rg8 27. Qf6+ Rg6 28. Qh4+ Kg7 29. Bh5 Rh8 30. Rfe1 Be7 0-1

[Event "Late-Titled-Tuesday-Blitz-September-12-2023"]
[Site "Chess.com"]
[Date "2023.09.12"]
[Round "4"]
[White "IngOscarArdila"]
[Black "miraitrunks"]
[Result "0-1"]
[WhiteElo "2270"]
[BlackElo "2122"]
[TimeControl "180+1"]
[EndTime "14:35:51 PDT"]
[Termination "miraitrunks won on time"]

1. a3 d5 2. h3 Bf5 3. d3 e6 4. g4 Bg6 5. Bg2 h5 6. g5 Be7 7. h4 Nc6 8. Bf4 e5 9. Bg3 Bc5 10. e3 Nge7 11. Nd2 Nf5 12. Ne2 Bxe3 13. Nf3 Nxg3 14.
fxe3 Nf5 15. Qd2 O-O 16. O-O-O b5 17. Rdf1 b4 18. a4 b3 19. cxb3 Rb8 20. Kc2 Qd6 21.
Nc3 Qb4 22. Kc1 Qxb3 23. Rf2 Rfe8 24. Ne1 Nb4 25. Bh3 Nxe3 26. Qxe3 d4 27. Qd2 dxc3 28. Qxc3 Na2+ 29. Kd2 Nxc3 30. bxc3 e4 31. d4 e3+ 0-1

[Event "Late-Titled-Tuesday-Blitz-September-12-2023"]
[Site "Chess.com"]
[Date "2023.09.12"]
[Round "4"]
[White "zverr1"]
[Black "Mbneu"]
[Result "1-0"]
[WhiteElo "2475"]
[BlackElo "2291"]
[TimeControl "180+1"]
[EndTime "14:35:55 PDT"]
[Termination "zverr1 won by resignation"]

1. d4 Nf6 2. c4 c5 3. d5 e6 4. Nc3 exd5 5. cxd5 d6 6. Nf3 g6 7. Bf4 Bg7 8. Qa4+ b5 9. Qxb5+ Bd7 10. Qb7 Qb6 11. Qxb6 axb6 12. Bxd6 b5 13. Bxc5 Na6 14. Bd4 O-O 15. e3 Nb4 16. Rc1 Nxa2 17. Nxa2 Rxa2 18.
Ne5 Be8 19. d6 Nd7 20. f4 f6 21. Nc6 Bf7 22. Bxb5 f5 23. Ne5 Nxe5 24. fxe5 1-0

[Event "Late-Titled-Tuesday-Blitz-September-12-2023"]
[Site "Chess.com"]
[Date "2023.09.12"]
[Round "4"]
[White "GMJustin"]
[Black "chosenpr"]
[Result "0-1"]
[WhiteElo "2229"]
[BlackElo "2391"]
[TimeControl "180+1"]
[EndTime "14:35:55 PDT"]
[Termination "chosenpr won on time"]

1. d4 Nf6 2. c4 e6 3. a3 b6 4. Nc3 Bb7 5. d5 Be7 6. e4 d6 7. Nf3 O-O 8. Bd3 exd5 9. exd5 Re8 10. O-O Nbd7 11. Nd4 Nc5 12. Bc2 a5 13. Be3 Bf8 14.
b4 axb4 15. axb4 Ncd7 16. Ba4 Ne4 17. Nxe4 Rxe4 18. Bc6 Rxa1 19. Qxa1 Bc8 20. Qb1 Rg4 21. h3 Rg6 22. Nf3 Nb8 23. Kh2 Nxc6 24. dxc6 d5 25. b5 dxc4 26. Qe4 Be6 27. Rc1 h6 28. Bf4 Bd6 0-1

[Event "Late-Titled-Tuesday-Blitz-September-12-2023"]
[Site "Chess.com"]
[Date "2023.09.12"]
[Round "4"]
[White "octopus_assassin"]
[Black "arminmusovic"]
[Result "0-1"]
[WhiteElo "2360"]
[BlackElo "2531"]
[TimeControl "180+1"]
[EndTime "14:35:57 PDT"]
[Termination "arminmusovic won by resignation"]

1. d4 d5 2. c4 c5 3. cxd5 Nf6 4.
Nc3 Nxd5 5. e4 Nxc3 6. bxc3 cxd4 7. cxd4 e5 8. d5 Bd6 9. Nf3 O-O 10. Be2 Na6 11. O-O Nc5 12. Be3 Nxe4 13. Bd3 Nf6 14. Ng5 h6 15. Ne4 Nxe4 16. Bxe4 f5 17. Bc2 f4 18.
Bd2 Qh4 19. Qf3 Bg4 20. Qe4 Bf5 21. Qa4 Bxc2 22. Qxc2 f3 23. Be3 e4 24. h3 fxg2 25. Kxg2 Rf3 26. Rh1 Raf8 27. Bd4 Qg3+ 28. Kf1 e3 29.
Bxe3 Rxe3 30. Rg1 Qxh3+ 31. Rg2 Rg3 32. Qe4 Qh1+ 33. Ke2 Qxg2 34. Qe6+ Kh8 35. Rf1 Rg6 36. Qe3 Qxd5 37. Rd1 Qc4+ 38. Ke1 Re6 0-1

[Event "Late-Titled-Tuesday-Blitz-September-12-2023"]
[Site "Chess.com"]
[Date "2023.09.12"]
[Round "4"]
[White "tptagain"]
[Black "Parhamov"]
[Result "0-1"]
[WhiteElo "2936"]
[BlackElo "3108"]
[TimeControl "180+1"]
[EndTime "14:36:08 PDT"]
[Termination "Parhamov won by resignation"]

1. Nf3 d5 2. c4 e6 3. g3 Nf6 4. Bg2 Be7 5. O-O O-O 6. b3 b6 7.
cxd5 exd5 8. Bb2 a5 9. Nc3 Bb7 10. e3 Nbd7 11. Rc1 Re8 12. Re1 Rc8 13. Ne2 Bf8 14.
Bh3 Rb8 15. Nf4 g6 16. d4 Bd6 17. Nd3 Ne4 18. Nfe5 Nxe5 19. dxe5 Bf8 20. f3 Ng5 21. Bg2 c5 22. f4 Ne6 23. Nf2 Bg7 24. Ng4 h5 25.
Nf6+ Bxf6 26. exf6 d4 27. exd4 Bxg2 28. Kxg2 cxd4 29. Qf3 Qd7 30. Rcd1 Rbd8 31. Re5 d3 32. h4 Nc5 33. Ba3 Rxe5 34. fxe5 Ne6 35. Bd6 Nd4 36.
Qxd3 Qc6+ 37. Kf2 Nf5 38. Qf3 Qc2+ 39. Qe2 Qc3 40. Rd3 Qa1 41. Kg2 Rc8 42. e6 Qxf6 43.
exf7+ Kxf7 44. Bf4 Qc6+ 45. Kh3 Qh1+ 46. Qh2 Qf1+ 47.
Qg2 Qxd3 48. Qb7+ Ne7 0-1

[Event "Late-Titled-Tuesday-Blitz-September-12-2023"]
[Site "Chess.com"]
[Date "2023.09.12"]
[Round "4"]
[White "Jenia84"]
[Black "ozates"]
[Result "0-1"]
[WhiteElo "2361"]
[BlackElo "2554"]
[TimeControl "180+1"]
[EndTime "14:36:08 PDT"]
[Termination "ozates won by resignation"]

1. e4 c5 2. Nf3 Nc6 3. Bb5 g6 4. O-O Bg7 5. Re1 e5 6. c3 Nge7 7. d4 exd4 8. e5 O-O 9. cxd4 cxd4 10. Nbd2 d6 11. exd6 Qxd6 12. Ne4 Qc7 13. Bg5 Bg4 14. Rc1 f6 15. Bh4 Kh8 16. h3 Bf5 17. Qa4 Rad8 18.
Nxd4 Qb6 19. Nxc6 bxc6 20. Bxc6 Rd4 21. Qa3 Nxc6 22. Nd6 Rxh4 23. Nf7+ Kg8 24. Nd6 Rf4 25. Re2 Nd4 26. Re7 Nc2 27. Qg3 Qxd6 0-1

[Event "Late-Titled-Tuesday-Blitz-September-12-2023"]
[Site "Chess.com"]
[Date "2023.09.12"]
[Round "4"]
[White "AlexNovitz"]
[Black "fyall777"]
[Result "0-1"]
[WhiteElo "2180"]
[BlackElo "2622"]
[TimeControl "180+1"]
[EndTime "14:36:08 PDT"]
[Termination "fyall777 won by resignation"]

1. e4 c5 2. Nf3 Nc6 3. d4 cxd4 4. Nxd4 d6 5. Nc3 Nf6 6. Bg5 e6 7. Nxc6 bxc6 8. Bd3 e5 9. O-O h6 10. Bh4 g5 11. Bg3 Be6 12. h4 Be7 13. Qd2 Nh5 14.
Qe2 Nxg3 15. fxg3 gxh4 16. gxh4 Qb6+ 17. Kh2 Qxb2 18. Qd2 Bxh4 19. Rab1 Qa3 20. Rb7 Qa5 21. Rf3 Bg5 22. Qe1 O-O-O 23. Qb1 Bf4+ 24. Rxf4 exf4 25. Rb8+ Kd7 26. Qb7+ Qc7 27. Rxd8+ Rxd8 28. Qb2 Ke7 29.
Ne2 d5 30. Qg7 dxe4 31. Bxe4 f3+ 32. Ng3 f2 33. Kh1 Rd1+ 34. Kh2 0-1

[Event "Late-Titled-Tuesday-Blitz-September-12-2023"]
[Site "Chess.com"]
[Date "2023.09.12"]
[Round "4"]
[White "AsaHoffmann"]
[Black "Orest_Vovk"]
[Result "0-1"]
[WhiteElo "2342"]
[BlackElo "2599"]
[TimeControl "180+1"]
[EndTime "14:36:09 PDT"]
[Termination "Orest_Vovk won by resignation"]

1. d4 h6 2. e4 g5 3. Nc3 Bg7 4. Be3 c5 5. dxc5 Bxc3+ 6. bxc3 Nc6 7. h4 Qa5 8. Qd2 g4 9. f3 Nf6 10. Bc4 b6 11. cxb6 axb6 12. Rb1 Ba6 13. Bxb6 Qh5 14.
Qe2 gxf3 15. Nxf3 Bxc4 16. Qxc4 Rg8 17. Rg1 Rg4 18. Nd2 Qxh4+ 19. Bf2 Qg5 20. Rb5 Qg6 21. Bd4 Nxe4 22. Nxe4 Qxe4+ 23. Qe2 Qxe2+ 24. Kxe2 Rxd4 25. Rh5 Rd6 0-1

[Event "Late-Titled-Tuesday-Blitz-September-12-2023"]
[Site "Chess.com"]
[Date "2023.09.12"]
[Round "4"]
[White "BrandonJacobson"]
[Black "dretch"]
[Result "1-0"]
[WhiteElo "3059"]
[BlackElo "2856"]
[TimeControl "180+1"]
[EndTime "14:36:15 PDT"]
[Termination "BrandonJacobson won on time"]

1. Nf3 d5 2. e3 Bg4 3. c4 c6 4.
d4 e6 5. Qb3 Qc7 6. Ne5 Bf5 7.
Nc3 Bd6 8. g4 Bg6 9. f4 Ne7 10.
Nxg6 Nxg6 11. h4 h5 12. g5 Nd7 13. Bd2 a6 14. O-O-O dxc4 15. Bxc4 c5 16. Bxe6 O-O 17. f5 Ne7 18. Bxf7+ Kh8 19. f6 Nf5 20. Qe6 Ng3 21.
fxg7+ 1-0

[Event "Late-Titled-Tuesday-Blitz-September-12-2023"]
[Site "Chess.com"]
[Date "2023.09.12"]
[Round "4"]
[White "gunslinger222"]
[Black "laskakid"]
[Result "0-1"]
[WhiteElo "2421"]
[BlackElo "2247"]
[TimeControl "180+1"]
[EndTime "14:36:17 PDT"]
[Termination "laskakid won by resignation"]

1. d4 d5 2. c4 c6 3. Nc3 Nf6 4. Nf3 dxc4 5. e4 b5 6. Be2 e6 7.
O-O Bb7 8. a4 a6 9. Bg5 Be7 10. e5 Nd5 11. Ne4 O-O 12. Qd2 Nd7 13.
Nd6 Rb8 14. axb5 axb5 15. Bxe7 Nxe7 16. Ng5 h6 17. Ngxf7 Rxf7 18. Nxf7 Kxf7 19. Qf4+ Kg8 20. Qg4 Nf8 21. f4 Qxd4+ 22. Kh1 Qxb2 23. Bf3 Nf5 24. Rae1 c3 25. Be4 c5 26. Bxb7 Rxb7 27. Qf3 Rd7 28. g4 Nd4 29. Qd3 Nc2 0-1

[Event "Late-Titled-Tuesday-Blitz-September-12-2023"]
[Site "Chess.com"]
[Date "2023.09.12"]
[Round "4"]
[White "canary2016"]
[Black "andrzej"]
[Result "0-1"]
[WhiteElo "2098"]
[BlackElo "2418"]
[TimeControl "180+1"]
[EndTime "14:36:22 PDT"]
[Termination "andrzej won on time"]

1. d4 d5 2. c4 e6 3. Nf3 Nf6 4. Nc3 a6 5. cxd5 exd5 6. Bg5 Be6 7.
e3 Nbd7 8. Bd3 Bd6 9. O-O c6 10. Rc1 Qc7 11. Qe2 O-O 12. Rfe1 Rae8 13. Qc2 Bg4 14. Nd2 Bxh2+ 15. Kh1 Bh5 16. Nf1 Bd6 17. Bf5 Bg6 18. a3 Qb8 19. b4 Ne4 20. Bxg6 fxg6 21. Nxe4 Rxe4 22. Qe2 h6 23. Bf4 Bxf4 24. Qg4 Nf6 25.
Qxg6 Bg5 26. f3 Rh4+ 27. Kg1 Qe8 28. Qxe8 Rxe8 29. f4 Bxf4 30. exf4 Rxf4 0-1

[Event "Late-Titled-Tuesday-Blitz-September-12-2023"]
[Site "Chess.com"]
[Date "2023.09.12"]
[Round "4"]
[White "Skagoogle"]
[Black "ural58"]
[Result "1-0"]
[WhiteElo "2785"]
[BlackElo "2539"]
[TimeControl "180+1"]
[EndTime "14:36:26 PDT"]
[Termination "Skagoogle won by resignation"]

1. e4 d5 2. exd5 Qxd5 3. Nc3 Qd6 4. d4 c6 5. Nf3 Bf5 6. Ne5 Nd7 7. Nc4 Qc7 8. Qf3 Bxc2 9. Bf4 e5 10. dxe5 g5 11.
Bxg5 b5 12. Nxb5 Bb4+ 13. Nc3 Ne7 14. Rc1 Bg6 15. Nd6+ Bxd6 16. exd6 Qxd6 17. Bf4 Qe6+ 18. Qe3 Qxe3+ 19. Bxe3 O-O 20. Be2 Nd5 21. Nxd5 cxd5 22. O-O Nb6 23. b3 Rac8 24. Rfd1 Rfd8 25. Bd4 Be4 26.
f3 Bf5 27. Kf2 Be6 28. Ba6 Rxc1 29. Rxc1 Kf8 30. Bd3 h5 31. Rc7 Rd7 32. Rxd7 Bxd7 33. h4 f5 34. Ke3 Kf7 35. Bxb6 axb6 36. f4 Ke6 37. Kd4 Kd6 38. Be2 Be8 39. a4 Bf7 40. b4 Kc6 41. g3 Kd6 42. a5 bxa5 43. bxa5 Kc6 44. a6 Kb6 45. Bf3 Kxa6 46. Bxd5 1-0

[Event "Late-Titled-Tuesday-Blitz-September-12-2023"]
[Site "Chess.com"]
[Date "2023.09.12"]
[Round "4"]
[White "artooon"]
[Black "baki83"]
[Result "0-1"]
[WhiteElo "3034"]
[BlackElo "2840"]
[TimeControl "180+1"]
[EndTime "14:36:27 PDT"]
[Termination "baki83 won by resignation"]

1. e4 c5 2. Nf3 d6 3. d4 cxd4 4.
Nxd4 Nf6 5. Nc3 Nc6 6. Bg5 e6 7. Bb5 Bd7 8. Qd3 Be7 9. O-O-O Qb6 10. Be3 Qc7 11. f3 a6 12. Bxc6 bxc6 13. Nb3 c5 14.
Qe2 O-O 15. g4 Rfb8 16. g5 Ne8 17. h4 a5 18. a3 Qb7 19. a4 Qb4 20. h5 Bxa4 21. g6 Bxb3 22. cxb3 Qxb3 23. f4 a4 24. gxh7+ Kxh7 25. h6 g6 26. f5 a3 27. fxg6+ fxg6 28. Rhf1 Nf6 29. e5 axb2+ 30. Kd2 dxe5 31. Nb1 Ne4+ 32. Ke1 Bh4+ 33. Bf2 Qb4+ 34. Nd2 Nxd2 35.
Rxd2 b1=Q+ 36. Qd1 Qxd1+ 37. Kxd1 Ra1+ 38. Ke2 Qe4+ 39. Be3 Qc4+ 40. Rd3 Rb2+ 0-1

[Event "Late-Titled-Tuesday-Blitz-September-12-2023"]
[Site "Chess.com"]
[Date "2023.09.12"]
[Round "4"]
[White "Mikasinski"]
[Black "Cambek64"]
[Result "1-0"]
[WhiteElo "2662"]
[BlackElo "2484"]
[TimeControl "180+1"]
[EndTime "14:36:28 PDT"]
[Termination "Mikasinski won by checkmate"]

1. e4 e6 2. d4 d5 3. Nc3 Nc6 4. e5 Nge7 5. Nf3 Nf5 6. Ne2 b6 7. c3 Qd7 8. Ng3 a5 9. Nxf5 exf5 10. Bd3 Ba6 11. O-O Bxd3 12. Qxd3 Be7 13. Bg5 O-O 14.
Rfe1 h6 15. Bxe7 Nxe7 16. a4 c5 17. b3 Rac8 18. Rad1 c4 19. bxc4 Rxc4 20. Rb1 Qc7 21. Rb3 Rc8 22. e6 f6 23. Rc1 Rxa4 24. Qb5 Qc6 25.
h3 Rc4 26. Qxc6 R8xc6 27. Nd2 Ra4 28. Rcb1 Rxe6 29. Rxb6 Rxb6 30. Rxb6 Ra1+ 31. Kh2 Rc1 32. Rb7 Kf7 33. Nb3 Rxc3 34. Nxa5 f4 35. g3 fxg3+ 36. fxg3 h5 37. h4 g5 38. hxg5 fxg5 39. Nb3 Kf6 40. Nc5 Rc2+ 41. Kg1 Nf5 42. Nd7+ Ke6 43. Nf8+ Kf6 44.
Nh7+ Kg6 45. Nf8+ Kh6 46. Rh7# 1-0

[Event "Late-Titled-Tuesday-Blitz-September-12-2023"]
[Site "Chess.com"]
[Date "2023.09.12"]
[Round "4"]
[White "NotFischer"]
[Black "newyorkmouse"]
[Result "0-1"]
[WhiteElo "2288"]
[BlackElo "2467"]
[TimeControl "180+1"]
[EndTime "14:36:28 PDT"]
[Termination "newyorkmouse won by resignation"]

1. e4 c6 2. d4 Na6 3. Nf3 Nc7 4. Bd3 d5 5. exd5 cxd5 6. c3 g6 7. O-O Bg7 8. Re1 Bf5 9. Bf4 Nf6 10. h3 O-O 11.
Na3 Rc8 12. Be5 Nce8 13. g4 Bxd3 14. Qxd3 Nd6 15. Kg2 Qd7 16. g5 Nh5 17. Qe3 Nf5 18. Qd2 f6 19. Bf4 fxg5 20. Bxg5 h6 21. Be3 Nxe3+ 22. fxe3 Rxf3 23. Kxf3 Qxh3+ 24. Ke2 Qg4+ 25. Kd3 Qe4+ 26. Ke2 Rf8 27. Kd1 Ng3 28. Nc2 h5 29. a4 h4 30. c4 dxc4 31. Ra3 h3 32. Rg1 Qf3+ 0-1

[Event "Late-Titled-Tuesday-Blitz-September-12-2023"]
[Site "Chess.com"]
[Date "2023.09.12"]
[Round "4"]
[White "GlavkonVVS"]
[Black "petr577"]
[Result "1-0"]
[WhiteElo "2587"]
[BlackElo "2336"]
[TimeControl "180+1"]
[EndTime "14:36:31 PDT"]
[Termination "GlavkonVVS won by resignation"]

1. c4 c5 2. Nc3 Nc6 3. g3 e5 4. Bg2 d6 5. Nf3 Be6 6. d3 Be7 7. a3 Qd7 8. h3 f5 9. Rb1 a5 10. Nd5 Bd8 11. Ng5 Bxg5 12. Bxg5 Qf7 13. b4 axb4 14.
axb4 h6 15. Bd2 cxb4 16. Nxb4 Nge7 17. Nc2 Rb8 18. Rb5 O-O 19. Qb1 f4 20. O-O Qg6 21. Be1 h5 22. Rxb7 h4 23. g4 Bxg4 24. hxg4 Qxg4 25.
f3 Qg5 26. Kh2 Rxb7 27. Qxb7 Nd8 28. Qd7 Nf5 29. Bh3 Ng3 30. Rg1 Kh8 31. Qxd6 Nf7 32.
Qxf8+ Kh7 33. Qxf7 1-0

[Event "Late-Titled-Tuesday-Blitz-September-12-2023"]
[Site "Chess.com"]
[Date "2023.09.12"]
[Round "4"]
[White "lilylg"]
[Black "CFalcons8"]
[Result "0-1"]
[WhiteElo "2181"]
[BlackElo "2300"]
[TimeControl "180+1"]
[EndTime "14:36:35 PDT"]
[Termination "CFalcons8 won by resignation"]

1. d4 Nf6 2. c4 e6 3. Nf3 d5 4.
g3 Bb4+ 5. Bd2 Be7 6. Bg2 O-O 7. O-O c6 8. Bf4 Nbd7 9. Qc2 b6 10. Nbd2 Bb7 11.
e4 dxe4 12. Nxe4 Nxe4 13. Qxe4 Nf6 14. Qe2 c5 15. Rfd1 cxd4 16. Nxd4 Qc8 17. Rac1 Bxg2 18. Kxg2 Bc5 19. Nb5 a6 20. Nd4 Qb7+ 21. f3 Rfd8 22. Nb3 Be7 23. Kf1 a5 24. Nd4 a4 25.
Nb5 Bc5 26. Bc7 Rxd1+ 27. Rxd1 Ng4 28. Rd3 Rc8 29. Qd2 Ne3+ 30. Ke2 Nxc4 31. Rd8+ Bf8 32. Qb4 Rxd8 0-1